 Dungeon Crawl Stone Soup version 0.30.0-20-g3615ddf2f0 (webtiles) character file.

Game seed: 8908467854950462864

70577 qw the Peltast (level 15, 0/94 HPs)
             Began as a Gargoyle Fighter on June 1, 2023.
             Was a High Priest of Okawaru.
             Slain by a bone dragon (14 damage)
             ... on level 2 of the Abyss.
             The game lasted 00:10:10 (18036 turns).

qw the Peltast (Gargoyle Fighter)                  Turns: 18036, Time: 00:10:10

Health: 0/94       AC: 39    Str: 28      XL:     15   Next: 33%
Magic:  18/18      EV: 11    Int: 10 (14) God:    Okawaru [*****.]
Gold:   1435       SH: 26    Dex: 11      Spells: 14/14 levels left

rFire   . . .        Y - +3 war axe (venom)
rCold   . . .        g - +0 tower shield
rNeg    + . .        k - +0 shadow dragon scales
rPois   inf          (no helmet)
rElec   +            v - +0 cloak
rCorr   .            x - +3 pair of gauntlets of War {Slay+5}
SInv    .            s - +2 pair of boots
Will    +....        u - amulet of reflection
Stlth   ++++         p - ring "Cegaomn" {Str+3 Int+6 Dex+3}
HPRegen 0.35/turn    m - +4 ring of slaying {mikee}
MPRegen 0.16/turn

%: reflection, clarity
@: about to teleport, heroic, flying, unable to read
A: sickness immunity, AC +11, big wings, negative energy resistance 1,
electricity resistance, torment resistance 1, petrification resistance, clarity,
clever 1, low MP 2, weak 1, [dopey 2], [inability to read after injury 2]
a: Renounce Religion, Heroism, Finesse, Duel


You were on level 2 of the Abyss.
You worshipped Okawaru.
Okawaru was extremely pleased with you.
You visited 3 branches of the dungeon, and saw 20 of its levels.
You visited the Abyss 1 time.

You collected 1461 gold pieces.
You spent 26 gold pieces at shops.


Innate Abilities, Weirdness & Mutations

You are immune to sickness and miasma.
Your stone body is resilient. (AC +11)
You are immune to poison.
Your large and strong wings let you fly.
You resist negative energy. (rN+)
You are resistant to electric shocks. (rElec)
You are resistant to unholy torment.
You are immune to petrification.
You possess an exceptional clarity of mind.
Your mind is acute. (Int +4, Str/Dex -1)
Your magical capacity is very low. (-20% MP)
You are weak. (Str -2)
[You are very dopey. (Int -4)]
[You sometimes lose the ability to read scrolls when taking damage.]


   Skills:
 - Level 11.0(16.0) Fighting
 + Level 14.8(19.8) Axes
 - Level 3.0(8.0) Throwing
 - Level 10.0(15.0) Armour
 - Level 3.0(8.0) Dodging
 - Level 16.0(21.0) Shields
 - Level 10.0 Invocations


You had 14 spell levels left.
You didn't know any spells.
Your spell library was empty.

Inventory:

Hand Weapons
 j - a +1 war axe of freezing
 n - a +2 demon whip of venom
 Y - a +3 war axe of venom (weapon)
Missiles
 a - 3 silver boomerangs (quivered)
 y - a boomerang of dispersal
Armour
 g - a +0 tower shield (worn)
 k - +0 shadow dragon scales (worn)
 s - a +2 pair of boots (worn)
 v - a +0 cloak (worn)
 x - the +3 pair of gauntlets of War (worn) {Slay+5}
   (You acquired it on level 5 of the Lair of Beasts)

   Slay:      It affects your accuracy & damage with ranged weapons and melee
   (+5).
 A - a +0 helmet
Jewellery
 b - the ring of Kebbaeg {rF+ Will+ Int+6 Dex-4}
   (You found it on level 3 of the Dungeon)

   [ring of intelligence]

   Int:       It affects your intelligence (+6).
   Dex:       It affects your dexterity (-4).
   rF:        It protects you from fire.
   Will:      It increases your willpower.
 e - a ring of fire
 m - a +4 ring of slaying (right hand) {mikee}
 p - the ring "Cegaomn" (left hand) {Str+3 Int+6 Dex+3}
   (You found it on level 1 of the Lair of Beasts)

   [ring of intelligence]

   Str:       It affects your strength (+3).
   Int:       It affects your intelligence (+6).
   Dex:       It affects your dexterity (+3).
 t - a ring of protection from cold
 u - an amulet of reflection (around neck)
 z - a ring of protection from fire
Scrolls
 c - 17 scrolls of identify
Potions
 d - 8 potions of might
 f - 3 potions of attraction
 h - 5 potions of mutation
 i - 4 potions of haste
 l - 6 potions of curing
 o - 2 potions of cancellation
 q - a potion of lignification

Dungeon Overview and Level Annotations

Branches:
Dungeon (14/15)            Temple (1/1) D:6            Lair (5/5) D:10
  Swamp (0/4) Lair:3       Spider (0/4) Lair:2        Slime (0/5) Lair:4
    Orc (0/2) D:9          Vaults (0/5) D:13

Altars:
Ashenzari
Cheibriados
Dithmenos
Elyvilon
Fedhas
Gozag
Hepliaklqana
Kikubaaqudgha
Makhleb
Nemelex Xobeh
Okawaru
Qazlal
Ru
Sif Muna
Trog
Uskayaw
Vehumet
Wu Jian
Xom
Yredelemnul
Zin
The Shining One

Shops:
D:1 =*

Annotations:
D:5 1 runed translucent door, Crazy Yiuf
D:9 1 runed translucent door


Message History

The bone dragon is severely damaged.
You hit the neqoxec. The neqoxec hits you. The bone dragon bites you.
The bone dragon barely misses you. You block the bone dragon's attack.
You barely miss the bone dragon.
The bone dragon is severely damaged.
You barely miss the wretched star. You slash the neqoxec!
A ynoxinul comes into view.
The neqoxec hits you but does no damage.
You barely miss the bone dragon.
The bone dragon is severely damaged.
You closely miss the wretched star. You slash the neqoxec!
The bone dragon closely misses you.
The bone dragon claws you but does no damage.
You block the bone dragon's attack.
You hit the bone dragon but do no damage.
The bone dragon is severely damaged.
You hit the wretched star. You hit the neqoxec but do no damage.
The neqoxec hits you but does no damage.
You block the bone dragon's attack.
The bone dragon claws you but does no damage.
You block the bone dragon's attack.
You hit the bone dragon.
The bone dragon is severely damaged.
You hit the wretched star but do no damage.
You slash the neqoxec! You block the neqoxec's attack.
You block the bone dragon's attack. x2
The bone dragon tramples you but does no damage.
You slash the neqoxec!
You kill the neqoxec!
Okawaru accepts your kill.
You slash the wretched star! You slice the bone dragon!!
You hear a shout!
You barely miss the bone dragon.
The bone dragon is almost destroyed.
You hit the wretched star but do no damage.
You slash the ynoxinul! The bone dragon bites you!
You feel threatened and lose the ability to read scrolls!
You die...

.# ..#.. #.#.
.# ##. # . #
.. #. . . . .
. . # .## ###
## #.
#.##..## ##.
# # # #..# .
# . ...#.D##
. #. # #.##@#
. # .#
#...*3.#. .
####..ยค...#.
. ...#......
...#.......#
#....#.#.....
..#..#
##.#.#.
..##.. ...#
## . .


You could see a bone dragon, a wretched star and a ynoxinul.

Vanquished Creatures
  3 dire elephants (Lair:5)
  5 hydras
  2 catoblepae
  4 two-headed ogres
  4 boulder beetles
  2 tengu warriors (D:13)
  A fire crab (Lair:4)
  A spectral anaconda (Lair:5)
  A deep troll (D:13)
  An obsidian statue (Lair:5)
  A lindwurm (Lair:2)
  2 deep elf pyromancers
  4 necromancers
  6 ugly things
  3 cyclopes
  A salamander (Abyss:2)
  2 manticores (D:12)
  13 elephants
  A guardian serpent (Abyss:2)
  A naga mage (Abyss:2)
  3 black mambas
  An ice statue (Lair:4)
  2 dire elephant zombies (Lair:5)
  A torpor snail (Lair:5)
  9 cane toads
  2 gargoyles
  A smoke demon (Abyss:2)
  2 kobold demonologists
  3 rime drakes
  Psyche (D:7)
  7 komodo dragons
  3 polar bears
  A meliai (Lair:2)
  6 trolls
  3 raiju (Abyss:2)
  A spectral elephant (Lair:5)
  A hornet (Lair:2)
  A large abomination (Abyss:2)
  22 blink frogs
  12 dream sheep (Lair:4)
  A slime creature (D:7)
  Sigmund (D:6)
  A wraith (D:9)
  3 shadows
  3 wyverns
  A vampire (D:7)
  A steam dragon (D:7)
  50 yaks
  A neqoxec (Abyss:2)
  3 basilisks
  A chaos spawn (Abyss:2)
  4 vampire mosquitoes (D:12)
  4 death yak simulacra (Lair:5)
  Eustachio (D:5)
  3 nagas (Abyss:2)
  2 spectral cane toads (Lair:5)
  12 water moccasins
  12 ice beasts
  2 elephant zombies (Lair:5)
  11 orc warriors
  4 sky beasts
  3 black bears
  3 ogres
  9 wolves
  2 elephant skeletons (Lair:5)
  6 centaurs
  3 kobold brigands
  13 bullfrogs
  A gnoll sergeant (D:7)
  A cane toad simulacrum (Lair:5)
  6 scorpions
  A small abomination (Abyss:2)
  23 wights
  3 elephant simulacra (Lair:5)
  6 killer bees
  An electric eel (D:14)
  7 howler monkeys
  3 jellies
  6 orc priests (D:12)
  4 hounds
  3 gnoll boudas
  9 orc wizards
  2 iguanas
  2 hell rats (Lair:2)
  5 adders
  24 gnolls
  9 river rats (Lair:2)
  A shadow imp (D:6)
  8 white imps
  2 ufetubi
  2 worms
  5 dart slugs
  34 orcs
  7 endoplasms
  5 giant cockroaches
  4 goblins
  12 hobgoblins
  12 jackals
  21 kobolds
  4 quokkas
  7 ball pythons
  5 bats
  5 frilled lizards
  8 rats
558 creatures vanquished.

Notes
Turn   | Place    | Note
-------+----------+-------------------------------------------
     0 | D:1      | qw the Gargoyle Fighter began the quest for the Orb.
     0 | D:1      | Reached XP level 1. HP: 14/14 MP: 1/1
     0 | D:1      | 0 ||| qw: Version: 0.2-a-102-gdf20003
     0 | D:1      | 0 ||| qw: Game counter: 692
     0 | D:1      | 0 ||| qw: Always use a shield: true
     0 | D:1      | 0 ||| qw: God list: Okawaru
     0 | D:1      | 0 ||| qw: Allow faded altars: false
     0 | D:1      | 0 ||| qw: Do Orc after D:15 true
     0 | D:1      | 0 ||| qw: Do second Lair branch before Depths: true
     0 | D:1      | 0 ||| qw: Lair rune preference: random
     0 | D:1      | 0 ||| qw: Plans: Normal, Zot:1-4, Slime:5, God:TSO, Crypt,
                  | Tomb, Pan, Hells, Abyss, Win
     0 | D:1      | 0 ||| PLANNING D:1-11
   147 | D:1      | Reached XP level 2. HP: 19/19 MP: 2/2
   183 | D:1      | 183 ||| Stepping ~*~*~tactically~*~*~ (hiding).
   308 | D:1      | 308 ||| FLEEEEING.
   309 | D:1      | 309 ||| FLEEEEING.
   310 | D:1      | 310 ||| FLEEEEING.
   311 | D:1      | 311 ||| FLEEEEING.
   313 | D:1      | 313 ||| FLEEEEING.
   315 | D:1      | 315 ||| FLEEEEING.
   316 | D:1      | 316 ||| FLEEEEING.
   317 | D:1      | 317 ||| FLEEEEING.
   318 | D:1      | 318 ||| FLEEEEING.
   319 | D:1      | 319 ||| FLEEEEING.
   320 | D:1      | 320 ||| FLEEEEING.
   375 | D:1      | 375 ||| UPGRADING to +0 tower shield.
   383 | D:1      | 383 ||| UPGRADING to +0 buckler.
   388 | D:1      | 388 ||| UPGRADING to +0 tower shield.
   398 | D:1      | 398 ||| DROPPING +0 buckler.
   451 | D:1      | Reached XP level 3. HP: 23/23 MP: 3/3
   641 | D:1      | Found Womenil's Jewellery Shop.
   642 | D:1      | Found Mixairia's General Store.
   647 | D:1      | 647 ||| SHOPLISTING +0 pair of boots (58 gold, have 42).
   647 | D:1      | 647 ||| BUYING scroll of identify (26 gold).
   647 | D:1      | Bought a scroll of identify for 26 gold pieces
   647 | D:1      | 647 ||| SHOPLISTING scroll of teleportation (39 gold, have
                  | 16).
   649 | D:1      | 649 ||| SHOPLISTING amulet of faith (560 gold, have 16).
   649 | D:1      | 649 ||| SHOPLISTING ring "Loeluva" {rC+ rN+ Int+3} (564
                  | gold, have 16).
   649 | D:1      | 649 ||| SHOPLISTING ring of fire (350 gold, have 16).
   649 | D:1      | 649 ||| SHOPLISTING ring of protection from cold (350 gold,
                  | have 16).
   649 | D:1      | 649 ||| SHOPLISTING ring of see invisible (210 gold, have
                  | 16).
   649 | D:1      | 649 ||| SHOPLISTING ring of willpower (350 gold, have 16).
   837 | D:1      | 837 ||| READING scroll labelled RYLEXI RIUMM.
   838 | D:1      | 838 ||| READING scroll labelled DOSUNU MOEB IZU.
   842 | D:1      | 842 ||| DRINKING 2 lumpy clear potions.
   842 | D:1      | Gained mutation: You are weak. (Str -2) [potion of
                  | mutation]
   842 | D:1      | Gained mutation: You possess an exceptional clarity of
                  | mind. [potion of mutation]
   842 | D:1      | Gained mutation: Your magical capacity is low. (-10% MP)
                  | [potion of mutation]
   842 | D:1      | Gained mutation: Your mind is acute. (Int +4, Str/Dex -1)
                  | [potion of mutation]
   843 | D:1      | 843 ||| READING 3 scrolls of identify.
   843 | D:1      | 843 ||| IDENTIFYING inky potion
   844 | D:1      | 844 ||| READING 2 scrolls of identify.
   844 | D:1      | 844 ||| IDENTIFYING red potion
   845 | D:1      | 845 ||| DROPPING potion of flight.
   890 | D:2      | 890 ||| Stepping ~*~*~tactically~*~*~ (stealth).
   891 | D:2      | 891 ||| Stepping ~*~*~tactically~*~*~ (stealth).
   897 | D:2      | Reached skill level 4 in Shields
  1288 | D:2      | Reached XP level 4. HP: 27/28 MP: 3/3
  1557 | D:2      | 1557 ||| READING scroll labelled ASAATH JITAU.
  1558 | D:2      | 1558 ||| READING 2 scrolls of identify.
  1558 | D:2      | 1558 ||| IDENTIFYING sapphire potion
  1591 | D:3      | HP: 6/28 [gnoll/+0 spear (3)]
  1592 | D:3      | 1592 ||| READING scroll of teleportation.
  1593 | D:3      | 1593 ||| DRINKING potion of heal wounds.
  1667 | D:3      | 1667 ||| Stepping ~*~*~tactically~*~*~ (stealth).
  1765 | D:3      | 1765 ||| Stepping ~*~*~tactically~*~*~ (stealth).
  1769 | D:3      | 1769 ||| Stepping ~*~*~tactically~*~*~ (stealth).
  1774 | D:3      | Reached skill level 5 in Shields
  1777 | D:3      | 1777 ||| Stepping ~*~*~tactically~*~*~ (stealth).
  1783 | D:3      | 1783 ||| Stepping ~*~*~tactically~*~*~ (stealth).
  1801 | D:3      | Reached skill level 3 in Axes
  1861 | D:3      | Identified the ring of Kebbaeg {rF+ Will+ Int+6 Dex-4}
  1919 | D:3      | 1919 ||| Stepping ~*~*~tactically~*~*~ (hiding).
  2050 | D:3      | 2050 ||| Stepping ~*~*~tactically~*~*~ (stealth).
  2095 | D:3      | 2095 ||| Stepping ~*~*~tactically~*~*~ (hiding).
  2128 | D:3      | Found a sparkling altar of Nemelex Xobeh.
  2157 | D:3      | Reached XP level 5. HP: 32/32 MP: 4/4
  2398 | D:3      | 2398 ||| UPGRADING to +0 pair of gloves.
  2403 | D:3      | 2403 ||| UPGRADING to ring of Kebbaeg {rF+ Will+ Int+6
                  | Dex-4}.
  2404 | D:3      | 2404 ||| READING 2 scrolls labelled GAZEAGO ICUTE.
  2405 | D:3      | 2405 ||| READING scroll of enchant weapon.
  2405 | D:3      | 2405 ||| ENCHANTING +1 war axe.
  2406 | D:3      | 2406 ||| READING 2 scrolls of identify.
  2406 | D:3      | 2406 ||| IDENTIFYING fizzy clear potion
  2407 | D:3      | 2407 ||| DROPPING potion of brilliance.
  2434 | D:4      | 2434 ||| Stepping ~*~*~tactically~*~*~ (stealth).
  2450 | D:4      | 2450 ||| STAIRDANCE
  2471 | D:4      | 2471 ||| Stepping ~*~*~tactically~*~*~ (stealth).
  2539 | D:4      | Reached skill level 6 in Shields
  2603 | D:4      | 2603 ||| Stepping ~*~*~tactically~*~*~ (stealth).
  2605 | D:4      | 2605 ||| Stepping ~*~*~tactically~*~*~ (hiding).
  2616 | D:4      | Reached XP level 6. HP: 37/37 MP: 5/5
  2777 | D:4      | Reached skill level 7 in Shields
  3053 | D:4      | Reached XP level 7. HP: 36/41 MP: 6/6
  3075 | D:4      | 3075 ||| DROPPING +0 whip.
  3185 | D:4      | 3185 ||| UPGRADING to +4 ring of slaying {mikee}.
  3186 | D:4      | 3186 ||| READING scroll labelled LUCUUS PUYSH.
  3186 | D:4      | Identified a scroll of acquirement
  3186 | D:4      | 3186 ||| ACQUIRING +0 pair of gloves of the Vaults {Int+2
                  | SInv}
  3186 | D:4      | Acquired the +0 pair of gloves of the Vaults {Int+2 SInv}
  3188 | D:4      | 3188 ||| UPGRADING to +0 pair of gloves of the Vaults
                  | {Int+2 SInv}.
  3198 | D:4      | 3198 ||| DROPPING +0 pair of gloves.
  3199 | D:4      | 3199 ||| DRINKING 3 lumpy dark potions.
  3221 | D:5      | Entered Level 5 of the Dungeon
  3342 | D:5      | 3342 ||| Stepping ~*~*~tactically~*~*~ (stealth).
  3360 | D:5      | Reached skill level 8 in Shields
  3422 | D:5      | 3422 ||| DROPPING +0 flail.
  3557 | D:5      | Noticed Eustachio
  3572 | D:5      | Killed Eustachio
  3573 | D:5      | Reached XP level 8. HP: 45/46 MP: 7/7
  3677 | D:5      | Found a runed translucent door.
  3678 | D:5      | Noticed Crazy Yiuf
  3905 | D:5      | 3905 ||| UPGRADING to +0 pair of boots.
  3910 | D:5      | 3910 ||| READING scroll labelled CAIPO AXACO.
  3911 | D:5      | 3911 ||| READING scroll labelled ISUTAA SUCING.
  3912 | D:5      | 3912 ||| READING scroll labelled SOHEES SESU.
  3913 | D:5      | 3913 ||| DRINKING 2 blue potions.
  3998 | D:6      | 3998 ||| Stepping ~*~*~tactically~*~*~ (hiding).
  4000 | D:6      | 4000 ||| Stepping ~*~*~tactically~*~*~ (hiding).
  4086 | D:6      | 4086 ||| Stepping ~*~*~tactically~*~*~ (stealth).
  4097 | D:6      | 4097 ||| FLEEEEING.
  4104 | D:6      | 4104 ||| FLEEEEING.
  4105 | D:6      | 4105 ||| FLEEEEING.
  4106 | D:6      | 4106 ||| FLEEEEING.
  4107 | D:6      | 4107 ||| FLEEEEING.
  4108 | D:6      | 4108 ||| FLEEEEING.
  4109 | D:6      | 4109 ||| FLEEEEING.
  4113 | D:6      | 4113 ||| FLEEEEING.
  4114 | D:6      | 4114 ||| FLEEEEING.
  4115 | D:6      | 4115 ||| FLEEEEING.
  4119 | D:6      | 4119 ||| FLEEEEING.
  4120 | D:6      | 4120 ||| FLEEEEING.
  4121 | D:6      | 4121 ||| FLEEEEING.
  4122 | D:6      | 4122 ||| FLEEEEING.
  4123 | D:6      | 4123 ||| FLEEEEING.
  4127 | D:6      | 4127 ||| FLEEEEING.
  4128 | D:6      | 4128 ||| FLEEEEING.
  4130 | D:6      | 4130 ||| Stepping ~*~*~tactically~*~*~ (hiding).
  4141 | D:6      | Reached skill level 9 in Shields
  4156 | D:6      | HP: 9/48 [gnoll/+0 club[a gnoll bouda] (7)]
  4157 | D:6      | 4157 ||| DRINKING potion of heal wounds.
  4294 | D:6      | Found an opulent altar of Gozag.
  4301 | D:6      | Reached skill level 6 in Axes
  4321 | D:6      | 4321 ||| Stepping ~*~*~tactically~*~*~ (stealth).
  4436 | D:6      | 4436 ||| Stepping ~*~*~tactically~*~*~ (hiding).
  4437 | D:6      | 4437 ||| Stepping ~*~*~tactically~*~*~ (hiding).
  4553 | D:6      | Found a staircase to the Ecumenical Temple.
  4554 | D:6      | 4554 ||| PLANNING TEMPLE
  4554 | D:6      | 4554 ||| UPGRADING to +0 chain mail.
  4564 | D:6      | 4564 ||| DROPPING +0 scale mail.
  4565 | D:6      | 4565 ||| UPGRADING to +6 ring of dexterity.
  4567 | D:6      | 4567 ||| DROPPING ring of positive energy.
  4568 | D:6      | 4568 ||| DROPPING ring of magical power.
  4569 | D:6      | 4569 ||| DRINKING 2 black potions.
  4570 | D:6      | 4570 ||| DROPPING potion of degeneration.
  4578 | Temple   | Entered the Ecumenical Temple
  4598 | Temple   | 4598 ||| PLANNING OKAWARU WORSHIP
  4678 | Temple   | Became a worshipper of Warmaster Okawaru
  4678 | Temple   | 4678 ||| PLANNING D:1-11
  4743 | D:6      | Found a hide-covered altar of Uskayaw.
  4748 | D:6      | Reached skill level 1 in Dodging
  4751 | D:6      | Reached skill level 10 in Shields
  4751 | D:6      | Reached XP level 9. HP: 40/52 MP: 8/8
  4901 | D:6      | Noticed Sigmund
  4910 | D:6      | Killed Sigmund
  5043 | D:6      | 5043 ||| READING scroll labelled VEIPUM KETTOELEUCK.
  5083 | D:7      | 5083 ||| Stepping ~*~*~tactically~*~*~ (stealth).
  5091 | D:7      | Reached * piety under Okawaru
  5093 | D:7      | 5093 ||| FLEEEEING.
  5094 | D:7      | 5094 ||| STAIRDANCE
  5128 | D:7      | 5128 ||| INVOKING Heroism.
  5134 | D:7      | Reached skill level 1 in Invocations
  5138 | D:7      | Reached skill level 1 in Throwing
  5168 | D:7      | 5168 ||| Stepping ~*~*~tactically~*~*~ (stealth).
  5169 | D:7      | 5169 ||| Stepping ~*~*~tactically~*~*~ (stealth).
  5172 | D:7      | 5172 ||| Stepping ~*~*~tactically~*~*~ (stealth).
  5173 | D:7      | 5173 ||| Stepping ~*~*~tactically~*~*~ (stealth).
  5248 | D:7      | Reached skill level 3 in Invocations
  5301 | D:7      | Reached ** piety under Okawaru
  5321 | D:7      | Found a flagged portal.
  5390 | D:7      | 5390 ||| INVOKING Heroism.
  5444 | D:7      | 5444 ||| Stepping ~*~*~tactically~*~*~ (hiding).
  5522 | D:7      | 5522 ||| Stepping ~*~*~tactically~*~*~ (stealth).
  5523 | D:7      | 5523 ||| Stepping ~*~*~tactically~*~*~ (stealth).
  5524 | D:7      | 5524 ||| Stepping ~*~*~tactically~*~*~ (stealth).
  5525 | D:7      | 5525 ||| Stepping ~*~*~tactically~*~*~ (stealth).
  5534 | D:7      | Reached XP level 10. HP: 44/59 MP: 11/11
  5798 | D:7      | Noticed a gargoyle
  5802 | D:7      | 5802 ||| INVOKING Heroism.
  5809 | D:7      | Killed a gargoyle
  5931 | D:7      | 5931 ||| INVOKING Heroism.
  6125 | D:7      | 6125 ||| READING scroll labelled JYONKE GEASE.
  6126 | D:7      | 6126 ||| DRINKING 2 emerald potions.
  6154 | D:7      | 6154 ||| READING 4 scrolls of identify.
  6154 | D:7      | 6154 ||| IDENTIFYING grey potion
  6155 | D:7      | 6155 ||| DRINKING potion of experience.
  6155 | D:7      | Reached skill level 15 in Shields
  6155 | D:7      | Reached XP level 11. HP: 63/63 MP: 12/12
  6207 | D:8      | 6207 ||| STAIRDANCE
  6255 | D:8      | 6255 ||| Stepping ~*~*~tactically~*~*~ (stealth).
  6259 | D:8      | 6259 ||| INVOKING Heroism.
  6280 | D:8      | 6280 ||| INVOKING Heroism.
  6290 | D:8      | Reached skill level 6 in Fighting
  6306 | D:8      | Noticed Psyche
  6307 | D:8      | 6307 ||| Stepping ~*~*~tactically~*~*~ (stealth).
  6311 | D:8      | 6311 ||| FLEEEEING.
  6312 | D:8      | 6312 ||| STAIRDANCE
  6314 | D:7      | 6314 ||| INVOKING Heroism.
  6316 | D:7      | Killed Psyche
  6521 | D:8      | 6521 ||| INVOKING Heroism.
  6608 | D:8      | 6608 ||| READING scroll of enchant weapon.
  6608 | D:8      | 6608 ||| ENCHANTING +2 war axe of venom.
  6866 | D:8      | 6866 ||| READING 4 scrolls of identify.
  6866 | D:8      | 6866 ||| IDENTIFYING smoky coppery potion
  6892 | D:9      | Found a staircase to the Orcish Mines.
  6966 | D:9      | 6966 ||| INVOKING Heroism.
  6966 | D:9      | HP: 13/64 [smoke demon/divine providence[a kobold
                  | demonologist] (12)]
  6967 | D:9      | Noticed a sixfirhy
  6967 | D:9      | 6967 ||| DRINKING potion of heal wounds.
  6971 | D:9      | Reached skill level 9 in Axes
  7070 | D:9      | 7070 ||| Stepping ~*~*~tactically~*~*~ (stealth).
  7090 | D:9      | 7090 ||| Stepping ~*~*~tactically~*~*~ (stealth).
  7099 | D:9      | 7099 ||| Stepping ~*~*~tactically~*~*~ (hiding).
  7100 | D:9      | 7100 ||| Stepping ~*~*~tactically~*~*~ (hiding).
  7140 | D:9      | 7140 ||| Stepping ~*~*~tactically~*~*~ (hiding).
  7141 | D:9      | 7141 ||| Stepping ~*~*~tactically~*~*~ (hiding).
  7145 | D:9      | 7145 ||| INVOKING Heroism.
  7178 | D:9      | 7178 ||| Stepping ~*~*~tactically~*~*~ (hiding).
  7335 | D:9      | 7335 ||| Stepping ~*~*~tactically~*~*~ (hiding).
  7342 | D:9      | Reached *** piety under Okawaru
  7345 | D:9      | Noticed a two-headed ogre
  7346 | D:9      | 7346 ||| INVOKING Heroism.
  7356 | D:9      | Killed a two-headed ogre
  7426 | D:9      | 7426 ||| INVOKING Heroism.
  7461 | D:9      | 7461 ||| INVOKING Heroism.
  7615 | D:9      | Noticed a seven-headed hydra
  7615 | D:9      | Noticed a six-headed hydra
  7615 | D:9      | Noticed a boulder beetle
  7615 | D:9      | Found the amulet of the Air {Inacc Air Fly rElec RMsl}
  7616 | D:9      | Found a runed translucent door.
  7618 | D:9      | Noticed a manticore
  7618 | D:9      | Noticed a harpy
  7618 | D:9      | Identified the +5 long sword of Skirmishing {antimagic, rC+
                  | Int+4}
  7618 | D:9      | Noticed an ogre mage
  7618 | D:9      | Noticed a manticore
  7618 | D:9      | Noticed a six-headed hydra
  7765 | D:10     | Entered Level 10 of the Dungeon
  8120 | D:10     | 8120 ||| Stepping ~*~*~tactically~*~*~ (stealth).
  8121 | D:10     | 8121 ||| INVOKING Heroism.
  8122 | D:10     | 8122 ||| Stepping ~*~*~tactically~*~*~ (stealth).
  8171 | D:10     | Found a staircase to the Lair.
  8189 | D:10     | 8189 ||| Stepping ~*~*~tactically~*~*~ (hiding).
  8190 | D:10     | 8190 ||| Stepping ~*~*~tactically~*~*~ (hiding).
  8191 | D:10     | 8191 ||| Stepping ~*~*~tactically~*~*~ (hiding).
  8192 | D:10     | 8192 ||| Stepping ~*~*~tactically~*~*~ (hiding).
  8222 | D:10     | 8222 ||| INVOKING Heroism.
  8231 | D:10     | Reached XP level 12. HP: 72/72 MP: 11/13
  8546 | D:10     | 8546 ||| Stepping ~*~*~tactically~*~*~ (stealth).
  8779 | D:10     | 8779 ||| PLANNING LAIR
  8779 | D:10     | 8779 ||| UPGRADING to +0 plate armour.
  8789 | D:10     | 8789 ||| DROPPING +0 chain mail.
  8790 | D:10     | 8790 ||| READING scroll labelled NIEPILL MIPORY.
  8791 | D:10     | 8791 ||| READING 6 scrolls of identify.
  8791 | D:10     | 8791 ||| IDENTIFYING lumpy puce potion
  8792 | D:10     | 8792 ||| READING 5 scrolls of identify.
  8792 | D:10     | 8792 ||| IDENTIFYING smoky white potion
  8793 | D:10     | 8793 ||| DROPPING potion of invisibility.
  8794 | D:10     | 8794 ||| DROPPING potion of berserk rage.
  8828 | Lair:1   | Entered Level 1 of the Lair of Beasts
  8841 | Lair:1   | 8841 ||| STAIRDANCE
  8842 | Lair:1   | Reached skill level 6 in Armour
  8957 | Lair:1   | Identified the ring "Cegaomn" {Str+3 Int+6 Dex+3}
  8980 | Lair:1   | 8980 ||| Stepping ~*~*~tactically~*~*~ (stealth).
  8990 | Lair:1   | Reached **** piety under Okawaru
  8991 | Lair:1   | 8991 ||| INVOKING Heroism.
  9501 | Lair:1   | 9501 ||| INVOKING Heroism.
  9548 | Lair:1   | 9548 ||| Stepping ~*~*~tactically~*~*~ (stealth).
  9550 | Lair:1   | 9550 ||| Stepping ~*~*~tactically~*~*~ (stealth).
  9552 | Lair:1   | 9552 ||| Stepping ~*~*~tactically~*~*~ (stealth).
  9736 | Lair:1   | 9736 ||| UPGRADING to ring "Cegaomn" {Str+3 Int+6 Dex+3}.
  9738 | Lair:1   | 9738 ||| DROPPING +6 ring of dexterity.
  9739 | Lair:1   | 9739 ||| READING scroll labelled YFERCH FAEVUUCK.
  9768 | Lair:2   | Noticed a boulder beetle
  9769 | Lair:2   | 9769 ||| INVOKING Heroism.
  9781 | Lair:2   | Killed a boulder beetle
  9782 | Lair:2   | Reached skill level 6 in Invocations
  9791 | Lair:2   | 9791 ||| STAIRDANCE
  9881 | Lair:2   | 9881 ||| Stepping ~*~*~tactically~*~*~ (stealth).
  9887 | Lair:2   | 9887 ||| INVOKING Heroism.
  9903 | Lair:2   | 9903 ||| FLEEEEING.
  9904 | Lair:2   | 9904 ||| FLEEEEING.
  9905 | Lair:2   | 9905 ||| FLEEEEING.
  9906 | Lair:2   | 9906 ||| FLEEEEING.
  9907 | Lair:2   | 9907 ||| FLEEEEING.
  9908 | Lair:2   | 9908 ||| FLEEEEING.
  9909 | Lair:2   | 9909 ||| FLEEEEING.
  9910 | Lair:2   | 9910 ||| FLEEEEING.
  9911 | Lair:2   | 9911 ||| FLEEEEING.
  9912 | Lair:2   | 9912 ||| FLEEEEING.
  9913 | Lair:2   | 9913 ||| FLEEEEING.
  9914 | Lair:2   | 9914 ||| FLEEEEING.
  9915 | Lair:2   | 9915 ||| FLEEEEING.
  9916 | Lair:2   | 9916 ||| FLEEEEING.
  9917 | Lair:2   | 9917 ||| FLEEEEING.
  9918 | Lair:2   | 9918 ||| FLEEEEING.
  9919 | Lair:2   | 9919 ||| FLEEEEING.
  9920 | Lair:2   | 9920 ||| STAIRDANCE
 10019 | Lair:2   | 10019 ||| Stepping ~*~*~tactically~*~*~ (stealth).
 10069 | Lair:2   | Found a hole to the Spider Nest.
 10070 | Lair:2   | 10070 ||| Stepping ~*~*~tactically~*~*~ (hiding).
 10072 | Lair:2   | 10072 ||| INVOKING Heroism.
 10176 | Lair:2   | Noticed a five-headed hydra
 10177 | Lair:2   | 10177 ||| INVOKING Heroism.
 10183 | Lair:2   | 10183 ||| SWAPPING to +0 morningstar.
 10187 | Lair:2   | Killed a five-headed hydra
 10188 | Lair:2   | 10188 ||| SWAPPING to +3 war axe of venom.
 10336 | Lair:2   | Reached ***** piety under Okawaru
 10421 | Lair:2   | Noticed a five-headed hydra
 10422 | Lair:2   | 10422 ||| INVOKING Heroism.
 10428 | Lair:2   | 10428 ||| SWAPPING to +0 morningstar.
 10432 | Lair:2   | Killed a five-headed hydra
 10433 | Lair:2   | 10433 ||| SWAPPING to +3 war axe of venom.
 10478 | Lair:2   | 10478 ||| FLEEEEING.
 10479 | Lair:2   | 10479 ||| FLEEEEING.
 10480 | Lair:2   | 10480 ||| FLEEEEING.
 10481 | Lair:2   | 10481 ||| FLEEEEING.
 10482 | Lair:2   | 10482 ||| FLEEEEING.
 10483 | Lair:2   | 10483 ||| FLEEEEING.
 10484 | Lair:2   | 10484 ||| FLEEEEING.
 10485 | Lair:2   | 10485 ||| FLEEEEING.
 10486 | Lair:2   | 10486 ||| FLEEEEING.
 10487 | Lair:2   | 10487 ||| FLEEEEING.
 10488 | Lair:2   | 10488 ||| FLEEEEING.
 10500 | Lair:2   | Reached XP level 13. HP: 71/78 MP: 17/17
 10641 | Lair:2   | 10641 ||| INVOKING Heroism.
 10766 | Lair:2   | 10766 ||| DROPPING +0 morningstar.
 10789 | Lair:2   | 10789 ||| READING scroll of enchant armour.
 10789 | Lair:2   | 10789 ||| ENCHANTING +0 pair of boots.
 10843 | Lair:2   | You fall into a shaft and drop 2 floors!
 10844 | Lair:4   | 10844 ||| INVOKING Heroism.
 10845 | Lair:4   | 10845 ||| INVOKING Finesse.
 10864 | Lair:4   | Reached skill level 9 in Fighting
 10983 | Lair:3   | 10983 ||| Stepping ~*~*~tactically~*~*~ (hiding).
 10984 | Lair:3   | 10984 ||| Stepping ~*~*~tactically~*~*~ (hiding).
 11011 | Lair:3   | 11011 ||| Stepping ~*~*~tactically~*~*~ (stealth).
 11015 | Lair:3   | 11015 ||| Stepping ~*~*~tactically~*~*~ (stealth).
 11016 | Lair:3   | 11016 ||| Stepping ~*~*~tactically~*~*~ (stealth).
 11017 | Lair:3   | 11017 ||| INVOKING Heroism.
 11026 | Lair:3   | Reached skill level 9 in Invocations
 11135 | Lair:2   | 11135 ||| INVOKING Heroism.
 11586 | Lair:3   | 11586 ||| READING scroll of enchant armour.
 11586 | Lair:3   | 11586 ||| ENCHANTING +1 pair of boots.
 11667 | Lair:3   | 11667 ||| INVOKING Heroism.
 11903 | Lair:3   | Found a blossoming altar of Fedhas.
 12093 | Lair:3   | Found a staircase to the Swamp.
 12318 | Lair:3   | 12318 ||| DROPPING +6 ring of intelligence.
 12342 | Lair:4   | 12342 ||| STAIRDANCE
 12402 | Lair:4   | 12402 ||| INVOKING Heroism.
 12403 | Lair:4   | 12403 ||| INVOKING Finesse.
 12407 | Lair:4   | 12407 ||| SWAPPING to +2 demon whip of venom.
 12415 | Lair:4   | 12415 ||| SWAPPING to +3 war axe of venom.
 12485 | Lair:4   | 12485 ||| Stepping ~*~*~tactically~*~*~ (stealth).
 12503 | Lair:4   | 12503 ||| INVOKING Heroism.
 12509 | Lair:4   | 12509 ||| INVOKING Finesse.
 12614 | Lair:4   | 12614 ||| Stepping ~*~*~tactically~*~*~ (stealth).
 12616 | Lair:4   | 12616 ||| INVOKING Heroism.
 12618 | Lair:4   | 12618 ||| Stepping ~*~*~tactically~*~*~ (stealth).
 12624 | Lair:4   | Reached skill level 12 in Axes
 12662 | Lair:4   | Found a staircase to the Slime Pits.
 12668 | Lair:4   | 12668 ||| INVOKING Heroism.
 12669 | Lair:4   | 12669 ||| INVOKING Finesse.
 12674 | Lair:4   | 12674 ||| SWAPPING to +2 demon whip of venom.
 12679 | Lair:4   | 12679 ||| SWAPPING to +3 war axe of venom.
 12789 | Lair:4   | 12789 ||| Stepping ~*~*~tactically~*~*~ (stealth).
 13131 | Lair:4   | Received a gift from Okawaru
 13134 | Lair:4   | Reached skill level 9 in Armour
 13206 | Lair:4   | 13206 ||| UPGRADING to +0 cloak.
 13211 | Lair:4   | 13211 ||| UPGRADING to amulet of reflection.
 13233 | Lair:5   | Entered Level 5 of the Lair of Beasts
 13234 | Lair:5   | 13234 ||| INVOKING Heroism.
 13243 | Lair:5   | Gained mutation: Your large and strong wings let you fly.
                  | [Gargoyle growth]
 13243 | Lair:5   | Reached XP level 14. HP: 68/88 MP: 17/19
 13273 | Lair:5   | 13273 ||| Stepping ~*~*~tactically~*~*~ (stealth).
 13274 | Lair:5   | 13274 ||| Stepping ~*~*~tactically~*~*~ (stealth).
 13275 | Lair:5   | 13275 ||| Stepping ~*~*~tactically~*~*~ (stealth).
 13335 | Lair:5   | Found a snail-covered altar of Cheibriados.
 13339 | Lair:5   | 13339 ||| Stepping ~*~*~tactically~*~*~ (stealth).
 13435 | Lair:5   | 13435 ||| Stepping ~*~*~tactically~*~*~ (stealth).
 13440 | Lair:5   | 13440 ||| INVOKING Heroism.
 13568 | Lair:5   | 13568 ||| INVOKING Heroism.
 13667 | Lair:5   | Noticed a dire elephant
 13667 | Lair:5   | Noticed a dire elephant
 13734 | Lair:5   | 13734 ||| FLEEEEING.
 13735 | Lair:5   | 13735 ||| FLEEEEING.
 13736 | Lair:5   | 13736 ||| FLEEEEING.
 13737 | Lair:5   | 13737 ||| FLEEEEING.
 13740 | Lair:5   | 13740 ||| FLEEEEING.
 13741 | Lair:5   | 13741 ||| FLEEEEING.
 13916 | Lair:5   | Received a gift from Okawaru
 13971 | Lair:5   | Noticed a dire elephant
 13972 | Lair:5   | 13972 ||| INVOKING Heroism.
 13987 | Lair:5   | Killed a dire elephant
 14199 | Lair:5   | Reached skill level 3 in Throwing
 14356 | Lair:5   | 14356 ||| READING scroll of acquirement.
 14356 | Lair:5   | 14356 ||| ACQUIRING +3 pair of gauntlets of War {Slay+5}
 14356 | Lair:5   | Acquired the +3 pair of gauntlets of War {Slay+5}
 14356 | Lair:5   | Found the +3 pair of gauntlets of War {Slay+5}
 14358 | Lair:5   | 14358 ||| UPGRADING to +3 pair of gauntlets of War
                  | {Slay+5}.
 14368 | Lair:5   | 14368 ||| DROPPING +0 pair of gloves of the Vaults {Int+2
                  | SInv}.
 14506 | Lair:5   | 14506 ||| INVOKING Heroism.
 14507 | Lair:5   | 14507 ||| INVOKING Finesse.
 14645 | Lair:5   | 14645 ||| UPGRADING to +0 shadow dragon scales.
 14655 | Lair:5   | 14655 ||| DROPPING +0 plate armour.
 14661 | Lair:5   | 14661 ||| INVOKING Heroism.
 14675 | Lair:5   | Killed a dire elephant
 14680 | Lair:5   | Reached skill level 3 in Dodging
 14684 | Lair:5   | Killed a dire elephant
 14937 | Lair:5   | 14937 ||| Stepping ~*~*~tactically~*~*~ (hiding).
 14938 | Lair:5   | 14938 ||| Stepping ~*~*~tactically~*~*~ (hiding).
 14976 | Lair:5   | 14976 ||| Stepping ~*~*~tactically~*~*~ (stealth).
 14978 | Lair:5   | 14978 ||| Stepping ~*~*~tactically~*~*~ (stealth).
 14981 | Lair:5   | 14981 ||| Stepping ~*~*~tactically~*~*~ (stealth).
 15038 | Lair:5   | 15038 ||| PLANNING D:1-11
 15228 | D:11     | 15228 ||| INVOKING Heroism.
 15386 | D:11     | Identified the +1 leather armour of the Black Moon {rC+
                  | Dex+4}
 15389 | D:11     | 15389 ||| Stepping ~*~*~tactically~*~*~ (stealth).
 15391 | D:11     | 15391 ||| Stepping ~*~*~tactically~*~*~ (stealth).
 15393 | D:11     | 15393 ||| Stepping ~*~*~tactically~*~*~ (stealth).
 15395 | D:11     | 15395 ||| Stepping ~*~*~tactically~*~*~ (stealth).
 15424 | D:11     | 15424 ||| Stepping ~*~*~tactically~*~*~ (stealth).
 15436 | D:11     | 15436 ||| Stepping ~*~*~tactically~*~*~ (stealth).
 15437 | D:11     | 15437 ||| Stepping ~*~*~tactically~*~*~ (stealth).
 15493 | D:11     | 15493 ||| Stepping ~*~*~tactically~*~*~ (stealth).
 15495 | D:11     | 15495 ||| Stepping ~*~*~tactically~*~*~ (stealth).
 15717 | D:11     | 15717 ||| PLANNING D
 15871 | D:12     | 15871 ||| Stepping ~*~*~tactically~*~*~ (stealth).
 15873 | D:12     | 15873 ||| Stepping ~*~*~tactically~*~*~ (stealth).
 15875 | D:12     | 15875 ||| Stepping ~*~*~tactically~*~*~ (stealth).
 15877 | D:12     | 15877 ||| Stepping ~*~*~tactically~*~*~ (stealth).
 15938 | D:12     | 15938 ||| Stepping ~*~*~tactically~*~*~ (hiding).
 15979 | D:12     | 15979 ||| Stepping ~*~*~tactically~*~*~ (stealth).
 15981 | D:12     | 15981 ||| Stepping ~*~*~tactically~*~*~ (stealth).
 15983 | D:12     | 15983 ||| Stepping ~*~*~tactically~*~*~ (stealth).
 15985 | D:12     | 15985 ||| Stepping ~*~*~tactically~*~*~ (stealth).
 15987 | D:12     | 15987 ||| Stepping ~*~*~tactically~*~*~ (stealth).
 15999 | D:12     | 15999 ||| Stepping ~*~*~tactically~*~*~ (stealth).
 16187 | D:12     | 16187 ||| Stepping ~*~*~tactically~*~*~ (stealth).
 16188 | D:12     | 16188 ||| Stepping ~*~*~tactically~*~*~ (stealth).
 16204 | D:12     | 16204 ||| Stepping ~*~*~tactically~*~*~ (stealth).
 16206 | D:12     | 16206 ||| Stepping ~*~*~tactically~*~*~ (stealth).
 16445 | D:13     | 16445 ||| INVOKING Heroism.
 16446 | D:13     | 16446 ||| INVOKING Finesse.
 16584 | D:13     | 16584 ||| Stepping ~*~*~tactically~*~*~ (stealth).
 16586 | D:13     | 16586 ||| Stepping ~*~*~tactically~*~*~ (stealth).
 16588 | D:13     | 16588 ||| Stepping ~*~*~tactically~*~*~ (stealth).
 16590 | D:13     | 16590 ||| Stepping ~*~*~tactically~*~*~ (stealth).
 16636 | D:13     | 16636 ||| Stepping ~*~*~tactically~*~*~ (stealth).
 16639 | D:13     | 16639 ||| Stepping ~*~*~tactically~*~*~ (stealth).
 16648 | D:13     | Received a gift from Okawaru
 16649 | D:13     | 16649 ||| FLEEEEING.
 16650 | D:13     | 16650 ||| FLEEEEING.
 16655 | D:13     | 16655 ||| STAIRDANCE
 16679 | D:12     | 16679 ||| DROPPING amulet of magic regeneration.
 16803 | D:13     | Found a shimmering altar of Xom.
 16927 | D:13     | 16927 ||| INVOKING Heroism.
 16928 | D:13     | 16928 ||| INVOKING Finesse.
 16931 | D:13     | Reached XP level 15. HP: 94/94 MP: 12/20
 16935 | D:13     | 16935 ||| SWAPPING to +2 demon whip of venom.
 16940 | D:13     | 16940 ||| SWAPPING to +3 war axe of venom.
 17124 | D:13     | 17124 ||| Stepping ~*~*~tactically~*~*~ (stealth).
 17126 | D:13     | 17126 ||| Stepping ~*~*~tactically~*~*~ (stealth).
 17128 | D:13     | 17128 ||| Stepping ~*~*~tactically~*~*~ (stealth).
 17142 | D:13     | Reached skill level 16 in Shields
 17186 | D:13     | Identified the +5 rapier of Resumed Hostilities {holy,
                  | rElec rC+}
 17212 | D:13     | 17212 ||| Stepping ~*~*~tactically~*~*~ (stealth).
 17214 | D:13     | 17214 ||| Stepping ~*~*~tactically~*~*~ (stealth).
 17216 | D:13     | 17216 ||| INVOKING Heroism.
 17285 | D:13     | Found a gate to the Vaults.
 17528 | D:14     | 17528 ||| Stepping ~*~*~tactically~*~*~ (hiding).
 17538 | D:14     | 17538 ||| INVOKING Heroism.
 17684 | D:14     | 17684 ||| Stepping ~*~*~tactically~*~*~ (stealth).
 17686 | D:14     | 17686 ||| Stepping ~*~*~tactically~*~*~ (stealth).
 17728 | D:14     | 17728 ||| Stepping ~*~*~tactically~*~*~ (hiding).
 17729 | D:14     | 17729 ||| Stepping ~*~*~tactically~*~*~ (hiding).
 17737 | Abyss:2  | Cast into level 2 of the Abyss (a wizard)
 17752 | Abyss:2  | 17752 ||| INVOKING Heroism.
 17768 | Abyss:2  | Noticed a bone dragon
 17772 | Abyss:2  | HP: 23/94 [bone dragon (6)]
 17773 | Abyss:2  | 17773 ||| READING 2 scrolls of teleportation.
 17773 | Abyss:2  | HP: 5/94 [bone dragon (11)]
 17774 | Abyss:2  | 17774 ||| DRINKING potion of heal wounds.
 17777 | Abyss:2  | 17777 ||| INVOKING Heroism.
 17789 | Abyss:2  | Found a corrupted altar of Lugonu.
 17816 | Abyss:2  | 17816 ||| Stepping ~*~*~tactically~*~*~ (stealth).
 17829 | Abyss:2  | 17829 ||| Stepping ~*~*~tactically~*~*~ (stealth).
 17830 | Abyss:2  | 17830 ||| Stepping ~*~*~tactically~*~*~ (stealth).
 17831 | Abyss:2  | 17831 ||| Stepping ~*~*~tactically~*~*~ (stealth).
 17832 | Abyss:2  | 17832 ||| INVOKING Heroism.
 17877 | Abyss:2  | 17877 ||| Stepping ~*~*~tactically~*~*~ (stealth).
 17882 | Abyss:2  | 17882 ||| Stepping ~*~*~tactically~*~*~ (stealth).
 17886 | Abyss:2  | 17886 ||| Stepping ~*~*~tactically~*~*~ (stealth).
 17912 | Abyss:2  | 17912 ||| Stepping ~*~*~tactically~*~*~ (stealth).
 17966 | Abyss:2  | Found a corrupted altar of Lugonu.
 17987 | Abyss:2  | 17987 ||| Stepping ~*~*~tactically~*~*~ (stealth).
 18006 | Abyss:2  | 18006 ||| Stepping ~*~*~tactically~*~*~ (stealth).
 18007 | Abyss:2  | 18007 ||| Stepping ~*~*~tactically~*~*~ (stealth).
 18008 | Abyss:2  | 18008 ||| Stepping ~*~*~tactically~*~*~ (stealth).
 18019 | Abyss:2  | 18019 ||| INVOKING Heroism.
 18026 | Abyss:2  | HP: 19/94 [bone dragon (6)]
 18027 | Abyss:2  | 18027 ||| READING scroll of teleportation.
 18028 | Abyss:2  | Gained mutation: Your magical capacity is very low. (-20%
                  | MP) [a neqoxec]
 18036 | Abyss:2  | Slain by a bone dragon

Levels and vault maps discovered:
D:1:      roderic_crop_circles_arrival_small, layout_basic, serial_shops, shop,
          shop, moated_statue, nicolae_concentric_dashed_squares_mild,
          minmay_vboxes
D:2:      layout_loops_ring, minmay_distorted
D:3:      layout_basic, lemuel_crystal_altar
D:4:      layout_cave_pools, minmay_joined_circles
D:5:      layout_basic, serial_bayou_lake_a, uniq_crazy_yiuf_cottage,
          uniq_eustachio
D:6:      layout_basic, minmay_temple_entry_statues_pillars,
          hangedman_feature_mirror, uniq_sigmund
D:7:      layout_basic, enter_bailey_2, minmay_manual_mess
D:8:      layout_rooms, uniq_psyche
D:9:      minmay_gate_of_8, layout_rooms, orc_0_dummy, st_stairs_5, hive_lemuel
D:10:     layout_layer_cave, hellmonk_lair_entry_icy
D:11:     layout_rooms, chequers_mini_garden, nicolae_twisting_strands
D:12:     layout_roguey [special_room_orc]
D:13:     layout_irregular_city, david_vaults_4, hangedman_decor_slide_cut,
          xom_teletrap_fun
D:14:     layout_irregular_city, serial_ice, serial_ice_e, serial_ice_o,
          serial_ice_j, serial_ice_g, serial_ice_f, serial_ice_b
Temple:   compressed_dpeg_circular_temple
Lair:1:   layout_cave_pods
Lair:2:   layout_gridlike, hellmonk_spider_entry_not_the_bees,
          nicolae_volcano_entry_vermiform, kennysheep_rathole
Lair:3:   layout_small_grid, swamp_mist, basic_altar, st_stairs_4,
          grunt_megastairs_3, infiniplex_staircase_pool_2
Lair:4:   layout_long_grid, slime_entry_1, ice2_lemuel,
          infiniplex_staircase_pool
Lair:5:   due_jungle_book, layout_concentric_octagons, basic_altar
Abyss:2:  base: D:15, hangedman_abyss_or_decor_passed

Skill      XL: |  1  2  3  4  5  6  7  8  9 10 11 12 13 14 15 |
---------------+----------------------------------------------+-----
Axes           | 2 3 5 6 7 8 9 11 12 14 | 14.8
Shields        | 4 5 6 7 8 10 15 16 | 16.0
Fighting       | 4 5 7 8 10 11 | 11.0
Dodging        | 1 2 3 |  3.0
Invocations    | 4 8 10 | 10.0
Throwing       | 1 3 |  3.0
Armour         | 5 7 9 10 | 10.0

Action                     |  1- 3 |  4- 6 |  7- 9 | 10-12 | 13-15 || total
---------------------------+-------+-------+-------+-------+-------++-------
  Melee: War axe           |   108 |   219 |   169 |   357 |   737 ||  1590
         Morningstar       |       |       |       |     8 |       ||     8
         Demon whip        |       |       |       |       |    15 ||    15
  Throw: Boomerang         |       |       |    36 |    94 |   183 ||   313
 Invoke: Heroism           |       |       |     2 |    20 |    24 ||    46
         Finesse           |       |       |       |       |     7 ||     7
    Use: Scroll            |     4 |     6 |     5 |     8 |     5 ||    28
         Potion            |     1 |     1 |     4 |     3 |     1 ||    10
   Stab: Sleeping          |       |       |       |       |     1 ||     1
 Armour: Scale mail        |    45 |   131 |    50 |       |       ||   226
         Chain mail        |       |       |    35 |    61 |       ||    96
         Plate armour      |       |       |       |    70 |   148 ||   218
         Shadow dragon sca |       |       |       |       |   132 ||   132
  Dodge: Dodged            |    34 |    50 |    49 |    82 |   101 ||   316
  Block: Buckler           |     4 |       |       |       |       ||     4
         Tower shield      |    49 |   167 |   142 |   371 |   684 ||  1413
         Reflection        |       |       |       |       |    15 ||    15

Table legend:
 A = Non-vault XP
 B = Vault XP
 C = Vault XP percentage of total XP
 D = Non-vault monster count
 E = Vault monster count
 F = Vault count percentage of total count
                 A         B        C        D         E       F
            +---------+---------+-------+---------+---------+-------
      Total |   73507 |   22098 |  23.1 |     427 |     131 |  23.5
            +---------+---------+-------+---------+---------+-------
        D:1 |      37 |      12 |  24.5 |      21 |       5 |  19.2
        D:2 |      33 |       3 |   8.3 |      13 |       2 |  13.3
        D:3 |     103 |       0 |   0.0 |      29 |       0 |   0.0
        D:4 |     326 |     140 |  30.0 |      26 |       7 |  21.2
        D:5 |     408 |     172 |  29.7 |      15 |       1 |   6.2
        D:6 |    1041 |     386 |  27.0 |      23 |       3 |  11.5
        D:7 |    1759 |    1299 |  42.5 |      30 |       7 |  18.9
        D:8 |    2077 |       0 |   0.0 |      30 |       0 |   0.0
        D:9 |    3059 |     278 |   8.3 |      24 |       2 |   7.7
       D:10 |     964 |    1427 |  59.7 |       6 |       8 |  57.1
       D:11 |    4023 |       0 |   0.0 |      25 |       0 |   0.0
       D:12 |    4777 |    1248 |  20.7 |      12 |      25 |  67.6
       D:13 |    7195 |    1326 |  15.6 |      10 |       2 |  16.7
       D:14 |    4962 |     676 |  12.0 |       9 |       6 |  40.0
     Lair:1 |    5769 |       0 |   0.0 |      21 |       0 |   0.0
     Lair:2 |    8395 |    1311 |  13.5 |      30 |      17 |  36.2
     Lair:3 |    6243 |    1954 |  23.8 |      26 |       7 |  21.2
     Lair:4 |   10115 |    1297 |  11.4 |      33 |      11 |  25.0
     Lair:5 |    8406 |   10569 |  55.7 |      29 |      28 |  49.1
    Abyss:2 |    3815 |       0 |   0.0 |      15 |       0 |   0.0
            +---------+---------+-------+---------+---------+-------
